 Dungeon Crawl Stone Soup version 0.20.1-1-g8b1a95d (webtiles) character file.

2421 Internecine the Cudgeler (level 9, -1/74 HPs)
             Began as a Yellow Draconian Skald on Sept 23, 2017.
             Was a Priest of Dithmenos.
             Slain by a yak (12 damage)
             ... on level 7 of the Dungeon.
             The game lasted 01:33:32 (6178 turns).

Internecine the Cudgeler (Yellow Draconian Skald)   Turns: 6178, Time: 01:33:32

Health: -1/74      AC:  8    Str: 15    XL:     9   Next: 24%
Magic:  11/13      EV: 14    Int: 13    God:    Dithmenos [***...]
Gold:   414        SH:  0    Dex: 13    Spells: 8/14 levels left

rFire    . . .     SeeInvis +   g - +4 mace
rCold    + . .     Gourm    .   (no shield)
rNeg     . . .     Faith    .   (armour unavailable)
rPois    .         Spirit   .   (helmet restricted)
rElec    .         Reflect  .   (no cloak)
rCorr    +         Harm     .   z - +0 pair of gloves
MR       .....                  (no boots)
Stlth    ++........             J - amulet of regeneration
Regen    0.7/turn               e - ring of protection from cold
MPRegen  0.2/turn               L - ring of see invisible

@: infused, wreathed by umbra
A: spit acid, acid resistance, unfitting armour, hooves 2, blink, screaming 1,
cold-blooded, AC +7
a: Breathe Acid, Blink, Shadow Step, Renounce Religion


You were on level 7 of the Dungeon.
You worshipped Dithmenos.
Dithmenos was most pleased with you.
You were hungry.

You visited 1 branch of the dungeon, and saw 7 of its levels.

You collected 414 gold pieces.

Inventory:

Hand Weapons
 g - a +4 mace (weapon)
 i - a +1 trident of protection
 m - a +0 short sword
 t - a +0 shortbow
 y - a +1 hand axe of freezing
 G - a +2 whip of electrocution
Missiles
 a - 2 throwing nets
 d - 154 arrows
 j - 53 bolts
 s - 130 stones
 I - 9 tomahawks (quivered)
 P - 10 sling bullets
Armour
 z - a +0 pair of gloves (worn)
Jewellery
 e - a ring of protection from cold (left hand)
 J - an amulet of regeneration (around neck)
 L - a ring of see invisible (right hand)
Scrolls
 h - 4 scrolls of enchant armour
 l - 2 scrolls of identify
 o - a scroll of random uselessness {unknown}
 p - a scroll of enchant weapon {unknown}
 q - a scroll of fog {unknown}
 C - a scroll of remove curse
 E - a scroll of fear {unknown}
 O - a scroll of noise {unknown}
 U - 2 scrolls of teleportation {unknown}
Potions
 u - a potion of agility
 N - 2 potions of lignification
 W - a potion of haste
 X - 2 potions of flight {unknown}
Books
 b - a book of Battle

   Spells                             Type                      Level
   a - Infusion                       Charms                       1
   b - Shroud of Golubria             Charms/Translocation         2
   c - Song of Slaying                Charms                       2
   d - Spectral Weapon                Hexes/Charms                 3
   e - Regeneration                   Charms/Necromancy            3
Comestibles
 c - 2 bread rations
 f - 3 royal jellies
 k - 3 meat rations
 T - 2 fruits


   Skills:
 + Level 5.0 Fighting
 + Level 2.3 Short Blades
 + Level 6.8 Maces & Flails
 + Level 5.8 Throwing
 + Level 4.7 Dodging
 + Level 2.4 Stealth
 + Level 3.0 Spellcasting
 + Level 3.8 Charms


You had 8 spell levels left.
You knew the following spells:

 Your Spells              Type           Power        Failure   Level  Hunger
a - Infusion              Chrm           ##..         4%          1    #......
b - Song of Slaying       Chrm           ##......     7%          2    ###....
c - Regeneration          Chrm/Necr      #.........   30%         3    ###....


Dungeon Overview and Level Annotations

Branches:
Dungeon (7/15)             Temple (0/1) D:4

Altars:
Ashenzari
Dithmenos
Elyvilon
Fedhas
Nemelex Xobeh
Qazlal
Ru
Sif Muna
Uskayaw


Innate Abilities, Weirdness & Mutations

You can spit globs of acid.
You are resistant to acid.
Your golden yellow scales are hard. (AC +7)
You cannot fit into any form of body armour.
You are cold-blooded and may be slowed by cold attacks.
You have hoof-like feet.
You can translocate small distances at will.
You occasionally shout uncontrollably at your foes.


Message History

You throw a tomahawk.
The tomahawk hits the yak but does no damage.
The yak is severely wounded.
The yak misses you.
Throwing (i - inventory. (,) - cycle):
I - 10 tomahawks (quivered)
Press: ? - help, Shift-Dir - straight line, f/p - yak
Aim: a yak (severely wounded, umbra)
You throw a tomahawk. The tomahawk hits the yak.
The yak is almost dead.
The yak gores you!
* * * LOW HITPOINT WARNING * * *
Casting: Regeneration
Confirm with . or Enter, or press ? or * to list all spells.
You begin infusing your attacks with magical energy.
The yak gores you.
* * * LOW HITPOINT WARNING * * *
You closely miss the yak.
The yak is almost dead.
The yak gores you!
You die...

.........#.......#)....#
.........#.......#.....#
#.##.##.##..#######....#
#.##.##.##..##...##....#
#......................#
#..............>.......#
#......................#
#......................#
##...######.####@#######
#...# #.# #Y##....#
...... #.. #.......#
...... #... #.......#
####'#..# #..#..#..#
#h.#..# .# #..'..# .#
#..#.%# #


You could see a yak.

Vanquished Creatures
  The ghost of cheesemonger the Skirmisher, a novice HuBe of Trog (D:6)
  A human (D:7)
  3 hogs (D:7)
  Menkaure (D:6)
  An orc warrior (D:7)
  A sky beast (D:5)
  A black bear (D:7)
  An ogre (D:7)
  2 centaurs
  A scorpion (D:4)
  The ghost of Fman the Skirmisher, a weakling DsAK of Lugonu (D:4)
  A howler monkey (D:6)
  A jelly (D:6)
  4 hounds
  2 orc priests (D:5)
  Jessica (D:2)
  A bullfrog skeleton (D:5)
  2 iguanas
  Natasha (thrice) (D:3)
  An orc wizard (D:5)
  5 worker ants
  A hound zombie (D:6)
  A hound skeleton (D:6)
  2 howler monkey zombies
  9 adders
  A shadow imp (D:5)
  2 oozes
  An adder skeleton (D:6)
  3 worms
  3 dart slugs
  3 leopard geckos
  22 orcs
  3 bats
  5 giant cockroaches
  7 goblins
  7 hobgoblins
  7 jackals
  6 kobolds
  3 quokkas
  3 ball pythons
  A ball python skeleton (D:4)
  5 frilled lizards
  A giant cockroach zombie (D:5)
  A leopard gecko skeleton (D:6)
  A leopard gecko zombie (D:5)
  A quokka zombie (D:6)
  6 rats
  A fungus (D:2)
  A plant (D:2)
142 creatures vanquished.

Notes
Turn   | Place    | Note
-------+----------+-------------------------------------------
     0 | D:1      | Internecine the Draconian Skald began the quest for the Orb.
     0 | D:1      | Reached XP level 1. HP: 17/17 MP: 3/3
    84 | D:1      | Reached XP level 2. HP: 18/24 MP: 5/5
    94 | D:1      | Learned a level 2 spell: Song of Slaying
   662 | D:2      | Noticed Jessica
   672 | D:2      | Killed Jessica
   672 | D:2      | Reached XP level 3. HP: 27/30 MP: 6/6
   683 | D:2      | Found a shadowy altar of Dithmenos.
   693 | D:2      | Became a worshipper of Dithmenos the Shadowed
   771 | D:2      | Found a sacrificial altar of Ru.
  1018 | D:2      | HP: 1/30 [poisoned by an adder]
  1020 | D:2      | Reached skill level 1 in Maces & Flails
  1021 | D:2      | Reached XP level 4. HP: 14/37 MP: 5/7
  1231 | D:2      | Found a deep blue altar of Sif Muna.
  1575 | D:2      | Reached * piety under Dithmenos
  1788 | D:3      | Noticed Natasha
  1794 | D:3      | Killed Natasha
  1794 | D:3      | Reached skill level 1 in Throwing
  1794 | D:3      | Reached XP level 5. HP: 30/44 MP: 8/8
  1796 | D:3      | Reached skill level 2 in Maces & Flails
  1847 | D:3      | Found a hide-covered altar of Uskayaw.
  1901 | D:3      | You fall through a shaft for 2 floors!
  1901 | D:5      | Entered Level 5 of the Dungeon
  1935 | D:4      | Noticed Fman's ghost (weakling DsAK)
  1951 | D:4      | Killed Fman's ghost
  2109 | D:3      | Learned a level 3 spell: Regeneration
  2136 | D:3      | Found a blossoming altar of Fedhas.
  2237 | D:3      | Noticed Natasha
  2249 | D:3      | Killed Natasha
  2407 | D:3      | Noticed Natasha
  2424 | D:3      | Killed Natasha
  2466 | D:3      | Reached XP level 6. HP: 51/51 MP: 9/9
  2525 | D:3      | Reached skill level 1 in Stealth
  2699 | D:3      | Reached ** piety under Dithmenos
  2807 | D:4      | Reached skill level 3 in Maces & Flails
  3002 | D:4      | Found a staircase to the Ecumenical Temple.
  3777 | D:5      | Noticed a sky beast
  3813 | D:5      | Killed a sky beast
  3813 | D:5      | Your scales start taking on a golden yellow colour.
  3813 | D:5      | Reached XP level 7. HP: 52/57 MP: 10/10
  3817 | D:5      | Gained mutation: You occasionally shout uncontrollably at your foes. [mutagenic meat]
  3818 | D:5      | Gained mutation: You have large cloven feet. [mutagenic meat]
  3819 | D:5      | Gained mutation: You have hoof-like feet. [mutagenic meat]
  3820 | D:5      | Gained mutation: You can translocate small distances at will. [mutagenic meat]
  3953 | D:5      | Reached skill level 4 in Maces & Flails
  4015 | D:5      | Found a stormy altar of Qazlal.
  4489 | D:5      | Found a sparkling altar of Nemelex Xobeh.
  4559 | D:5      | Reached *** piety under Dithmenos
  4951 | D:6      | Reached skill level 5 in Maces & Flails
  5053 | D:6      | Noticed Menkaure
  5061 | D:6      | Killed Menkaure
  5061 | D:6      | Reached XP level 8. HP: 35/66 MP: 9/11
  5434 | D:6      | Noticed cheesemonger's ghost (novice HuBe)
  5452 | D:6      | Killed cheesemonger's ghost
  5619 | D:7      | Reached skill level 6 in Maces & Flails
  5624 | D:7      | Reached skill level 5 in Throwing
  5869 | D:7      | Found a shattered altar of Ashenzari.
  5869 | D:7      | Found a shadowy altar of Dithmenos.
  5869 | D:7      | Found a white marble altar of Elyvilon.
  6143 | D:7      | Reached XP level 9. HP: 57/72 MP: 10/13
  6165 | D:7      | Reached skill level 5 in Fighting
  6178 | D:7      | Slain by a yak

Skill      XL: |  1  2  3  4  5  6  7  8  9 |
---------------+----------------------------+-----
Charms         | 3 |  3.8
Maces & Flails | 1 2 3 5 6 |  6.8
Throwing       | 1 2 3 5 |  5.8
Fighting       | 3 4 5 |  5.0
Dodging        | 3 4 |  4.7
Stealth        | 1 2 |  2.4
Spellcasting   | 3 |  3.0
Short Blades   | |  2.3

Action                   |  1- 3 |  4- 6 |  7- 9 || total
-------------------------+-------+-------+-------++-------
Melee: Short sword       |    25 |       |       ||    25
       Tailslap          |    13 |    17 |    18 ||    48
       Mace              |    76 |   121 |    47 ||   244
       Whip              |       |    55 |    79 ||   134
       Kick              |       |       |    33 ||    33
Throw: Javelin           |    16 |    41 |    59 ||   116
       Stone             |       |    45 |     7 ||    52
       Throwing net      |       |       |     1 ||     1
       Tomahawk          |       |       |     3 ||     3
 Cast: Song of Slaying   |     3 |     1 |     5 ||     9
       Regeneration      |       |       |     1 ||     1
       Infusion          |       |       |     1 ||     1
  Use: Potion            |     3 |     1 |     6 ||    10
       Scroll            |       |     7 |     3 ||    10
 Stab: Sleeping          |       |     1 |       ||     1
  Eat: Meat ration       |       |     1 |       ||     1
       Chunk             |       |     5 |    11 ||    16
Armor: Skin              |    35 |    43 |    29 ||   107
Dodge: Dodged            |    67 |   136 |    91 ||   294
